 Dungeon Crawl Stone Soup version 0.28-a0-1594-ga885d4b3d6 (webtiles) character file.

Game seed: 10525976629108073134

30 fragbeetle the Chopper (level 3, -6/33 HPs)
             Began as a Hill Orc Monk on Jan 20, 2022.
             Mangled by a gnoll (10 damage)
             ... on level 1 of the Dungeon.
             The game lasted 00:01:49 (1001 turns).

fragbeetle the Chopper (Hill Orc Monk)              Turns: 1001, Time: 00:01:49

Health: -6/33      AC:  3    Str: 15    XL:     3   Next: 20%
Magic:  3/3        EV: 12    Int: 10    God:
Gold:   47         SH:  0    Dex: 13    Spells: 2/2 levels left

rFire   . . .      SeeInvis .   e - +0 hand axe (vorpal)
rCold   . . .      Faith    .   (no shield)
rNeg    . . .      Spirit   .   b - +0 robe
rPois   .          Reflect  .   (no helmet)
rElec   .          Harm     .   (no cloak)
rCorr   .          Rampage  .   (no gloves)
Will    .....                   c - +0 pair of boots
Stlth   ++........              (no amulet)
HPRegen 0.11/turn               (no ring)
MPRegen 0.08/turn               (no ring)

@: no status effects
A: no striking features
a: no special abilities


You were on level 1 of the Dungeon.
You visited 1 branch of the dungeon, and saw 1 of its levels.

You collected 47 gold pieces.

Inventory:

Hand Weapons
 a - a +0 hand axe
 e - a +0 vorpal hand axe (weapon)
Missiles
 h - 3 stones (quivered)
Armour
 b - a +0 robe (worn)
 c - a +0 pair of boots (worn)
Scrolls
 d - a scroll of blinking {unknown}
 f - a scroll of enchant weapon {unknown}
 j - a scroll of magic mapping {unknown}
Potions
 g - a potion of resistance {unknown}
 i - a potion of heal wounds {unknown}


   Skills:
 - Level 4.0 Fighting
 * Level 4.7 Axes
 + Level 1.0 Armour
 + Level 2.6 Dodging
 - Level 1.5 Stealth


You had 2 spell levels left.
You didn't know any spells.
Your spell library was empty.

Dungeon Overview and Level Annotations

Branches:
Dungeon (1/15)

Altars:


Message History

The quokka bites you.
You barely miss the quokka.
The quokka is severely wounded.
The quokka barely misses you. x2
You miss the quokka.
The quokka is severely wounded.
The quokka closely misses you.
You barely miss the quokka.
The quokka is severely wounded.
The quokka closely misses you.
You hit the quokka.
You kill the quokka!
Training target 4.0 for Fighting reached!
Your Fighting skill increases to level 4!
You see here a quokka corpse. 2 jackals and a gnoll come into view.
The gnoll hits you with a +0 flail. The gnoll hits you with a +0 flail.
You hit the gnoll but do no damage.
The jackal barks!
The gnoll hits you with a +0 flail.
The jackal barks!
You hit the gnoll but do no damage. The gnoll barely misses you.
You hit the gnoll but do no damage. The gnoll misses you.
You barely miss the gnoll. The gnoll misses you.
You closely miss the gnoll. The gnoll misses you.
You hit the gnoll.
The gnoll is moderately wounded.
The gnoll barely misses you.
You hit the gnoll but do no damage.
The gnoll is moderately wounded.
The gnoll hits you with a +0 flail!
* * * LOW HITPOINT WARNING * * *
You completely miss the gnoll.
The gnoll is moderately wounded.
The gnoll closely misses you.
You closely miss the gnoll.
The gnoll is moderately wounded.
The gnoll hits you with a +0 flail!
You die...

###.###.# #.....#.# # #.....#.#
#. #.....#.# #.## ###'#.... ...
#.##... #.. #...... ####..###
####... .....hg@#.# #...
########.#.# #... ####....†...#.#
#### #.....####..#.# #.##..#
#..#.#
######.##..####..#.##############
.................................
.....................)...........
##...####.......##.#.###.###...##


You could see a gnoll and a jackal.

Vanquished Creatures
  A dart slug (D:1)
  3 ball pythons (D:1)
  4 endoplasms (D:1)
  A giant cockroach (D:1)
  2 goblins (D:1)
  3 hobgoblins (D:1)
  2 quokkas (D:1)
  2 bats (D:1)
  3 frilled lizards (D:1)
  3 kobolds (D:1)
  2 rats (D:1)
26 creatures vanquished.

Notes
Turn   | Place    | Note
-------+----------+-------------------------------------------
     0 | D:1      | fragbeetle the Hill Orc Monk began the quest for the Orb.
     0 | D:1      | Reached XP level 1. HP: 19/19 MP: 1/1
   134 | D:1      | Reached XP level 2. HP: 18/27 MP: 2/2
   225 | D:1      | Noticed a shining eye
   227 | D:1      | Found a faded altar of an unknown god.
   229 | D:1      | Noticed a great orb of eyes
   229 | D:1      | Noticed a shining eye
   229 | D:1      | Noticed a golden eye
   615 | D:1      | Reached skill level 1 in Armour
   618 | D:1      | Reached XP level 3. HP: 29/33 MP: 3/3
  1001 | D:1      | Mangled by a gnoll

Illustrated notes

Levels and vault maps discovered:
D:1:      dpeg_arrival_orchard, layout_basic,
          hellmonk_ecumenical_altar_watching_god

Skill      XL: |  1  2  3 |
---------------+----------+-----
Armour         | 1 |  1.0
Fighting       | 4 |  4.0
Axes           | |  4.7
Dodging        | |  2.6
Stealth        | |  1.5

Action                   || total
-------------------------++-------
Melee: Hand axe          ||    85
       Punch             ||     1
 Stab: Sleeping          ||     2
Armor: Robe              ||    10
Dodge: Dodged            ||    52

Table legend: (Time is in decaauts)
 A = Elapsed time spent in this place.
 B = Non-inter-level travel time spent in this place.
 C = Inter-level travel time spent in this place.
 D = Time resting spent in this place.
 E = Time spent auto-exploring this place.
 F = Levels seen in this place.
 G = Mean time per level.
                   A        B        C        D        E       F      G
               +--------+--------+--------+--------+--------+-----+--------+
         Total |   1007 |   1007 |      0 |    241 |    520 |   1 | 1007.0 |
       Dungeon |   1007 |   1007 |      0 |    241 |    520 |   1 | 1007.0 |
               +--------+--------+--------+--------+--------+-----+--------+

Top non-repeatable levels by time:
     D:1: 1007 daAuts
